 Dungeon Crawl Stone Soup version 0.32-a0-411-g744942f433 (webtiles) character file.

Game seed: 13172122105086672810

417 croobank the Chopper (level 6, 0/56 HPs)
             Began as a Mountain Dwarf Monk on Feb 20, 2024.
             Was a Priest of Sif Muna.
             Splashed by a jelly's acid (6 damage)
             ... on level 4 of the Dungeon.
             The game lasted 00:08:40 (4315 turns).

croobank the Chopper (Mountain Dwarf Monk)          Turns: 4315, Time: 00:08:40

Health: 0/56       AC: -10   Str: 14    XL:     6   Next: 61%
Magic:  7/7        EV: 12    Int: 12    God:    Sif Muna [***...]
Gold:   175        SH:  0    Dex: 12    Spells: 7/7 levels left

rFire   . . .        a - +0 hand axe
rCold   . . .        d - orb {light}
rNeg    . . .        i - +0 robe
rPois   .            (no helmet)
rElec   .            (no cloak)
rCorr   .            w - +1 pair of gloves
SInv    .            v - +1 pair of boots
Will    .....        (no amulet)
Stlth   +            (no ring)
HPRegen 0.29/turn    (no ring)
MPRegen 0.10/turn

%: no passive effects
@: confused, ambrosia-drunk, corroded, glowing
A: runic magic, artefact enchanting
a: Renounce Religion, Channel Magic, Forget Spell


You were on level 4 of the Dungeon.
You worshipped Sif Muna.
Sif Muna was most pleased with you.
You visited 1 branch of the dungeon, and saw 4 of its levels.

You collected 175 gold pieces.

Inventory:

Hand Weapons
 a - a +0 hand axe (weapon)
 b - a +0 sling
 o - a +1 dagger of venom
 u - a +0 vampiric long sword
 y - a +2 mace of draining
 A - a +0 spear
Armour
 d - an orb of light (worn)
 i - a +0 robe (worn)
 v - a +1 pair of boots (worn)
 w - a +1 pair of gloves (worn)
Magical Staves
 j - a staff of alchemy
Scrolls
 k - 2 scrolls of poison {unknown}
 m - 2 scrolls of noise {unknown}
 p - a scroll of torment {unknown}
 q - 2 scrolls of immolation {unknown}
Potions
 e - a potion of resistance
 f - a potion of mutation {unknown}
 h - a potion of invisibility
 n - a potion of attraction {unknown}
 t - a potion of berserk rage {unknown}
 z - 2 potions of curing {unknown}


   Skills:
 + Level 5.0 Fighting
 + Level 5.5 Axes
 + Level 3.3 Dodging
 + Level 1.2 Spellcasting
 + Level 1.6 Earth Magic
 + Level 2.3 Invocations


You had 7 spell levels left.
You didn't know any spells.
Your spell library contained the following spells:

 Spells                   Type           Power      Damage    Failure   Level
 Sting                    Conj/Alch      0%         1d3       30%         1
 Mercury Vapours          Alch/Air       0%         N/A       41%         2
 Stone Arrow              Conj/Erth      4%         3d7       54%         3
 Petrify                  Alch/Erth      2%         N/A       91%         4
 Olgreb's Toxic Radiance  Alch           0%         N/A       96%         4
 Borgnjor's Vile Clutch   Necr/Erth      1%         N/A       99%         5


Dungeon Overview and Level Annotations

Branches:
Dungeon (4/15)
 Temple: D:4-7

Altars:
Ashenzari
Sif Muna

Shops:
D:3 =


Innate Abilities, Weirdness & Mutations

Your spellcasting is much less encumbered by armour.
You can use scrolls of enchantment on lesser artefacts.


Message History

* * * LOW HITPOINT WARNING * * *
The jelly is almost dead.
The jelly barely misses you.
As you read the scroll labelled WAGINK NAIMIL, it crumbles to dust.
It is a scroll of brand weapon.
Your +0 long sword thirsts for the lives of mortals!
u - a +0 vampiric long sword The jelly closely misses you.
You are confused.
You feel invigorated. The jelly closely misses you.
You're too confused to attack without stumbling around!
You're too confused to attack without stumbling around!
You're too confused to attack without stumbling around!
You bump into the crystal wall.
The jelly hits you. The acid corrodes you!
You are splashed with acid.
* * * LOW HITPOINT WARNING * * *
You hit the jelly but do no damage.
Your hands burn!
* * * LOW HITPOINT WARNING * * *
The jelly is almost dead.
The jelly closely misses you.
The howler monkey hoots and howls with incredible vigour!
You bump into the crystal wall.
The jelly barely misses you.
You bump into the crystal wall.
The jelly hits you.
You are splashed with acid!
* * * LOW HITPOINT WARNING * * *
You bump into the crystal wall.
The jelly misses you.
You hit the jelly but do no damage.
Your hands burn!
* * * LOW HITPOINT WARNING * * *
The jelly is almost dead.
The jelly hits you.
* * * LOW HITPOINT WARNING * * *
You are splashed with acid!
* * * LOW HITPOINT WARNING * * *
The jelly misses you.
You hit the jelly but do no damage.
Your hands burn!
* * * LOW HITPOINT WARNING * * *
The jelly is almost dead.
The jelly hits you.
* * * LOW HITPOINT WARNING * * *
You are splashed with acid.
You die...

##.#.#*########...[####.....,*,**
##.#.###....###.ßß.####..#.#,*,*
#.#.##.####..#.ßß.####..#.#,*,*
#.#.##.# #..)....# *,,*,*,*,*
#.#.##.# ######### *,,*<*,*,*
##.#.##.####....## *,,*,*,*,*
.#.#.###....####.# *,,*,*,*,*
......#######**#.# *,,*,*,*,*
.###...#[h#*,,*#@# *,,*,*,*,*
.....#.#?$#*,,*#J# *,,*,,,*,*
.##.##.###.,**,h## *,,*****,*
###.##.# *J,**.r* *,,,,,,*,*
###.##.# *##*###** *,****,*,*
....##.# *,******,****,*,*
...###.#######**,,>,,,,,,,,,,*,**
..............,,,,,,,,,,,,,,,,,,,
...###.#######**,****,******,*,**


You could see a howler monkey, a jelly and a quokka.

Vanquished Creatures
  2 scorpions (D:4)
  An orc priest (D:4)
  A gnoll bouda (D:4)
  5 gnolls
  5 adders
  A ribbon worm (D:4)
  4 orcs (D:4)
  9 ball pythons
  5 bats
  8 endoplasms
  3 giant cockroaches
  10 goblins
  7 hobgoblins
  4 kobolds (D:2)
  6 quokkas
  5 frilled lizards
  6 rats
82 creatures vanquished.

Notes
Turn   | Place    | Note
-------+----------+-------------------------------------------
     0 | D:1      | croobank the Mountain Dwarf Monk began the quest for the
                  | Orb.
     0 | D:1      | Reached XP level 1. HP: 19/19 MP: 1/1
   177 | D:1      | Reached XP level 2. HP: 26/26 MP: 2/2
   341 | D:1      | Reached XP level 3. HP: 33/33 MP: 3/3
  1363 | D:2      | Reached XP level 4. HP: 38/40 MP: 4/4
  1850 | D:1      | Prayed at the altar of an unknown god.
  1850 | D:1      | Became a worshipper of Sif Muna the Loreminder
  1850 | D:1      | Reached * piety under Sif Muna
  1850 | D:1      | Reached ** piety under Sif Muna
  2361 | D:3      | Found Vuguy's Jewellery Boutique.
  2572 | D:3      | Reached XP level 5. HP: 45/47 MP: 5/5
  2723 | D:3      | Reached *** piety under Sif Muna
  2763 | D:3      | Found a broken altar of Ashenzari.
  2792 | D:3      | Reached skill level 5 in Axes
  2921 | D:3      | Got Tifoemm's Textbook on Necrotic Oromancy
  3316 | D:4      | Reached skill level 1 in Invocations
  3566 | D:4      | Reached skill level 1 in Earth Magic
  3898 | D:4      | Reached XP level 6. HP: 30/55 MP: 7/7
  4054 | D:4      | Reached skill level 5 in Fighting
  4054 | D:4      | Reached skill level 1 in Spellcasting
  4315 | D:4      | Splashed by a jelly's acid

Illustrated notes

Levels and vault maps discovered:
D:1:      spicycebolla_arrival_ecumenical, layout_basic, minmay_quantized
D:2:      layout_basic, glass_columns_c, lightli_corner_chamber
D:3:      layout_basic, nicolae_ashenzari_skybound, serial_shops,
          nicolae_shop_pleasant_corner_grove, minivault_5
D:4:      minmay_chambers_of_fours, layout_basic

Skill      XL: |  1  2  3  4  5  6 |
---------------+-------------------+-----
Axes           | 4 5 |  5.5
Fighting       | 4 5 |  5.0
Dodging        | 3 |  3.3
Invocations    | 1 2 |  2.3
Earth Magic    | 1 |  1.6
Spellcasting   | 1 |  1.2

Action                     |  1- 3 |  4- 6 || total
---------------------------+-------+-------++-------
  Melee: Hand axe          |    90 |   240 ||   330
  Throw: Throwing net      |       |     2 ||     2
    Use: Scroll            |       |     9 ||     9
         Potion            |       |     3 ||     3
 Armour: Robe              |    52 |   127 ||   179
  Dodge: Dodged            |    43 |   127 ||   170

Table legend: (Time is in decaauts)
 A = Elapsed time spent in this place.
 B = Non-inter-level travel time spent in this place.
 C = Inter-level travel time spent in this place.
 D = Time resting spent in this place.
 E = Time spent auto-exploring this place.
 F = Levels seen in this place.
 G = Mean time per level.
                   A        B        C        D        E       F      G
               +--------+--------+--------+--------+--------+-----+--------+
         Total |   4334 |   4115 |    219 |    521 |   2803 |   4 | 1083.5 |
       Dungeon |   4334 |   4115 |    219 |    521 |   2803 |   4 | 1083.5 |
               +--------+--------+--------+--------+--------+-----+--------+

Top non-repeatable levels by time:
     D:4: 1152 daAuts
     D:3: 1106 daAuts
     D:1: 1085 daAuts
     D:2: 990 daAuts
